TOP OF THE 1ST |
San Francisco Bandits batting - Pitching for Plymouth Rocks : RHP José López
|
Pitching: RHP José López
|
|
Batting: RHB Pete Rideout
|
0-0: Ball 1-0: Swinging Strike 1-1: TRIPLE (Flyball, 89XD)
|
Batting: RHB Javier Ramírez
|
0-0: Ground out 4-3 (Groundball, 4M) Pete Rideout scores
|
Batting: LHB Jerry Bryan
|
0-0: Ball 1-0: Called Strike 1-1: Swinging Strike 1-2: Ball 2-2: Foul Ball, location: 2F 2-2: Ball 3-2: Strikes out looking
|
Batting: RHB Dale Taylor
|
0-0: Called Strike 0-1: Ball 1-1: Foul Ball, location: 2F 1-2: Ball 2-2: Strikes out swinging
|
Top of the 1st over - 1 run(s), 1 hit(s), 0 error(s), 0 left on base; San Francisco 1 - Plymouth 0 |
BOTTOM OF THE 1ST |
Plymouth Rocks batting - Pitching for San Francisco Bandits : LHP Pancho Guerrero
|
Pitching: LHP Pancho Guerrero
|
|
Batting: RHB Luis Sánchez
|
0-0: Ball 1-0: Foul Ball, location: 2F 1-1: Foul Ball, location: 2F 1-2: Fly out, F8 (Line Drive, 8LS)
|
Batting: RHB Andrés Lara
|
0-0: Called Strike 0-1: Ground out 5-3 (Groundball, 5L)
|
Batting: RHB Tadakuni Sugiyama
|
0-0: Foul Ball, location: 2F 0-1: Ball 1-1: Ball 2-1: Foul Ball, location: 2F 2-2: Ball 3-2: Foul Ball, location: 2F 3-2: Foul Ball, location: 2F 3-2: Base on Balls
|
Pitching: RHP Mal Park
|
|
Batting: RHB Júlio Negrón
|
0-0: Called Strike 0-1: Ball 1-1: Ball 2-1: Swinging Strike 2-2: Ball 3-2: Foul Ball, location: 2F 3-2: SINGLE (Line Drive, 7S) Tadakuni Sugiyama to second Tadakuni Sugiyama to third
|
Batting: LHB Barrett Waters
|
0-0: Called Strike 0-1: Ball 1-1: Ball 2-1: Ball 3-1: Base on Balls Júlio Negrón to second
|
Batting: RHB Víctor Chávez
|
0-0: Foul Ball, location: 2F 0-1: Foul Ball, location: 2F 0-2: Ball 1-2: Ball 2-2: Ball 3-2: Foul Ball, location: 2F 3-2: SINGLE (Groundball, 34D) Tadakuni Sugiyama scores Júlio Negrón to third Barrett Waters to second Júlio Negrón scores Barrett Waters to third
|
Batting: SHB Greg Welch
|
0-0: Ball 1-0: Ball 2-0: SINGLE (Line Drive, 78S) Barrett Waters scores Víctor Chávez to second
|
Batting: RHB Jorge Jiménez
|
0-0: Called Strike 0-1: Ball 1-1: Ground out 4-3 (Groundball, 4)
|
Bottom of the 1st over - 3 run(s), 3 hit(s), 0 error(s), 2 left on base; San Francisco 1 - Plymouth 3 |
TOP OF THE 2ND |
San Francisco Bandits batting - Pitching for Plymouth Rocks : RHP José López
|
Batting: RHB Bob Orr
|
0-0: Ball 1-0: Foul Ball, location: 2F 1-1: Ball 2-1: Ball 3-1: Foul Ball, location: 2F 3-2: Foul Ball, location: 2F 3-2: Foul Ball, location: 2F 3-2: Strikes out swinging
|
Batting: RHB Emílio Bruno
|
0-0: Fly out, F9 (Flyball, 9M)
|
Batting: RHB Glenn Melican
|
0-0: Called Strike 0-1: Foul Ball, location: 2F 0-2: Foul Ball, location: 2F 0-2: Strikes out swinging
|
Top of the 2nd over - 0 run(s), 0 hit(s), 0 error(s), 0 left on base; San Francisco 1 - Plymouth 3 |
BOTTOM OF THE 2ND |
Plymouth Rocks batting - Pitching for San Francisco Bandits : RHP Mal Park
|
Batting: RHB António Zúñiga
|
0-0: Foul Ball, location: 2F 0-1: SINGLE (Line Drive, 89S)
|
Batting: RHB Luis Sánchez
|
0-0: Foul Ball, location: 2F 0-1: TRIPLE (Line Drive, 7LS) António Zúñiga scores
|
Pitching: RHP Tim Lyons
|
|
Batting: RHB Andrés Lara
|
0-0: DOUBLE (Flyball, 9LD) Luis Sánchez scores
|
Batting: RHB Tadakuni Sugiyama
|
0-0: Ball 1-0: Ball 2-0: Foul Ball, location: 2F 2-1: Ball 3-1: Base on Balls
|
Batting: RHB Júlio Negrón
|
0-0: Ball 1-0: Called Strike 1-1: Grounds into double play, 4-6-3 (Groundball, 4) Andrés Lara to third
|
Batting: LHB Barrett Waters
|
0-0: Ball 1-0: Ball 2-0: DOUBLE (Flyball, 8RD) Andrés Lara scores
|
Batting: RHB Víctor Chávez
|
0-0: Foul Ball, location: 2F 0-1: Ball 1-1: SINGLE (Groundball, 56S) (infield hit) Barrett Waters to third
|
Batting: SHB Greg Welch
|
0-0: Ball 1-0: Called Strike 1-1: Called Strike 1-2: Strikes out looking
|
Bottom of the 2nd over - 3 run(s), 5 hit(s), 0 error(s), 2 left on base; San Francisco 1 - Plymouth 6 |
TOP OF THE 3RD |
San Francisco Bandits batting - Pitching for Plymouth Rocks : RHP José López
|
Batting: RHB David Crespo
|
0-0: Foul Ball, location: 2F 0-1: SINGLE (Groundball, 6M)
|
Batting: RHB Sadao Kato
|
0-0: Called Strike 0-1: Ball 1-1: SINGLE (Line Drive, 9LS) David Crespo to second
|
Batting: RHB Pete Rideout
|
0-0: Swinging Strike 0-1: Swinging Strike 0-2: Ball 1-2: Strikes out swinging
|
Batting: RHB Javier Ramírez
|
0-0: Ball 1-0: Hit by Pitch David Crespo to third Sadao Kato to second
|
Batting: LHB Jerry Bryan
|
0-0: Ball 1-0: Foul Ball, location: 2F 1-1: Foul Ball, location: 2F 1-2: Ball 2-2: Fly out, F4 (Popup, 3D)
|
Batting: RHB Dale Taylor
|
0-0: Called Strike 0-1: Swinging Strike 0-2: Ball 1-2: Strikes out swinging
|
Top of the 3rd over - 0 run(s), 2 hit(s), 0 error(s), 3 left on base; San Francisco 1 - Plymouth 6 |
BOTTOM OF THE 3RD |
Plymouth Rocks batting - Pitching for San Francisco Bandits : RHP Tim Lyons
|
Batting: RHB Jorge Jiménez
|
0-0: Ball 1-0: Called Strike 1-1: Ball 2-1: Ball 3-1: Ground out U3 (Groundball, 3)
|
Batting: RHB António Zúñiga
|
0-0: Ball 1-0: Ball 2-0: SINGLE (Line Drive, 9S)
|
Batting: RHB Luis Sánchez
|
0-0: Foul Ball, location: 2F 0-1: Ball 1-1: Foul Ball, location: 2F 1-2: Ball António Zúñiga steals 2nd base 2-2: Foul Ball, location: 2F 2-2: Foul Ball, location: 2F 2-2: SINGLE (Flyball, 9LM) António Zúñiga to third
|
Batting: RHB Andrés Lara
|
0-0: Called Strike 0-1: Ball 1-1: Grounds into double play, 6-4-3 (Groundball, 6)
|
Bottom of the 3rd over - 0 run(s), 2 hit(s), 0 error(s), 1 left on base; San Francisco 1 - Plymouth 6 |
TOP OF THE 4TH |
San Francisco Bandits batting - Pitching for Plymouth Rocks : RHP José López
|
Batting: RHB Bob Orr
|
0-0: Ball 1-0: Foul Ball, location: 2F 1-1: Foul Ball, location: 2F 1-2: Foul Ball, location: 2F 1-2: Strikes out swinging
|
Batting: RHB Emílio Bruno
|
0-0: Ball 1-0: SINGLE (Flyball, 78S)
|
Batting: RHB Glenn Melican
|
0-0: Called Strike Emílio Bruno is caught stealing 2nd base 0-1: Foul Ball, location: 2F 0-2: Ball 1-2: Foul Ball, location: 2F 1-2: Strikes out swinging
|
Top of the 4th over - 0 run(s), 1 hit(s), 0 error(s), 0 left on base; San Francisco 1 - Plymouth 6 |
BOTTOM OF THE 4TH |
Plymouth Rocks batting - Pitching for San Francisco Bandits : RHP Tim Lyons
|
Batting: RHB Tadakuni Sugiyama
|
0-0: Foul Ball, location: 2F 0-1: Reached on error, E5 (Groundball, 56)
|
Batting: RHB Júlio Negrón
|
0-0: Called Strike 0-1: Ball 1-1: Foul Ball, location: 2F 1-2: Fly out, F9 (Line Drive, 9S)
|
Batting: LHB Barrett Waters
|
0-0: Called Strike 0-1: SINGLE (Line Drive, 7S) Tadakuni Sugiyama to third Runner from 3rd tries for Home, SAFE, throw made home
|
Batting: RHB Víctor Chávez
|
0-0: Called Strike Barrett Waters steals 2nd base 0-1: Swinging Strike 0-2: Strikes out swinging
|
Batting: SHB Greg Welch
|
0-0: Ball 1-0: Fly out, F8 (Flyball, 8RD)
|
Bottom of the 4th over - 1 run(s), 1 hit(s), 1 error(s), 1 left on base; San Francisco 1 - Plymouth 7 |
TOP OF THE 5TH |
San Francisco Bandits batting - Pitching for Plymouth Rocks : RHP José López
|
Batting: RHB David Crespo
|
0-0: Called Strike 0-1: Ball 1-1: Called Strike 1-2: Ball 2-2: Ball 3-2: Foul Ball, location: 2F 3-2: Foul Ball, location: 2F 3-2: Base on Balls
|
Batting: RHB Sadao Kato
|
0-0: Ball 1-0: Fly out, F3 (Popup, 3F)
|
Batting: RHB Pete Rideout
|
0-0: Grounds into double play, 6-4-3 (Groundball, 6)
|
Top of the 5th over - 0 run(s), 0 hit(s), 0 error(s), 0 left on base; San Francisco 1 - Plymouth 7 |
BOTTOM OF THE 5TH |
Plymouth Rocks batting - Pitching for San Francisco Bandits : RHP Tim Lyons
|
Batting: RHB Jorge Jiménez
|
0-0: Called Strike 0-1: Swinging Strike 0-2: Foul Ball, location: 2F 0-2: Reached on error, E6 (Groundball, 6)
|
Batting: RHB António Zúñiga
|
0-0: Called Strike Throwing error on steal attempt, E2 Jorge Jiménez to third 0-1: Ball 1-1: Ball 2-1: Fly out, F8 (Flyball, 8LD) Runner from 3rd tags up, SCORES, no throw
|
Batting: RHB Luis Sánchez
|
0-0: Fly out, F7 (Line Drive, 78D)
|
Batting: RHB Andrés Lara
|
0-0: Ball 1-0: Ball 2-0: Fly out, F4 (Popup, 6MD)
|
Bottom of the 5th over - 1 run(s), 0 hit(s), 2 error(s), 0 left on base; San Francisco 1 - Plymouth 8 |
TOP OF THE 6TH |
San Francisco Bandits batting - Pitching for Plymouth Rocks : RHP José López
|
Batting: RHB Javier Ramírez
|
0-0: Called Strike 0-1: Swinging Strike 0-2: Strikes out swinging
|
Batting: LHB Jerry Bryan
|
0-0: Called Strike 0-1: Foul Ball, location: 2F 0-2: Strikes out swinging
|
Batting: RHB Dale Taylor
|
0-0: Fly out, F4 (Popup, 3D)
|
Top of the 6th over - 0 run(s), 0 hit(s), 0 error(s), 0 left on base; San Francisco 1 - Plymouth 8 |
BOTTOM OF THE 6TH |
Plymouth Rocks batting - Pitching for San Francisco Bandits : RHP Tim Lyons
|
Pitching: LHP Esteban Peña
|
|
Batting: RHB Tadakuni Sugiyama
|
0-0: Called Strike 0-1: Called Strike 0-2: Ball 1-2: Strikes out swinging
|
Batting: RHB Júlio Negrón
|
0-0: Called Strike 0-1: Swinging Strike 0-2: Ball 1-2: Foul Ball, location: 2F 1-2: Ball 2-2: Ball 3-2: Foul Ball, location: 2F 3-2: Strikes out looking
|
Batting: LHB Barrett Waters
|
0-0: Foul Ball, location: 2F 0-1: Ball 1-1: Ball 2-1: Ground out 4-3 (Groundball, 4M)
|
Bottom of the 6th over - 0 run(s), 0 hit(s), 0 error(s), 0 left on base; San Francisco 1 - Plymouth 8 |
TOP OF THE 7TH |
San Francisco Bandits batting - Pitching for Plymouth Rocks : RHP José López
|
Batting: RHB Bob Orr
|
0-0: Swinging Strike 0-1: Ball 1-1: Ground out 4-3 (Groundball, 4)
|
Batting: RHB Emílio Bruno
|
0-0: Swinging Strike 0-1: Ball 1-1: Foul Ball, location: 2F 1-2: SINGLE (Groundball, 4)
|
Batting: RHB Glenn Melican
|
0-0: Ball 1-0: Ball 2-0: Ball 3-0: Base on Balls Emílio Bruno to second
|
Batting: RHB David Crespo
|
0-0: Called Strike 0-1: Called Strike 0-2: Foul Ball, location: 2F 0-2: Ball 1-2: Ball 2-2: Strikes out swinging
|
Batting: RHB Sadao Kato
|
0-0: Ball 1-0: Ball 2-0: Ball 3-0: Called Strike 3-1: Called Strike 3-2: Strikes out swinging
|
Top of the 7th over - 0 run(s), 1 hit(s), 0 error(s), 2 left on base; San Francisco 1 - Plymouth 8 |
BOTTOM OF THE 7TH |
Plymouth Rocks batting - Pitching for San Francisco Bandits : LHP Esteban Peña
|
Batting: RHB Víctor Chávez
|
0-0: Fly out, F8 (Flyball, 8LM)
|
Batting: SHB Greg Welch
|
0-0: Ball 1-0: Called Strike 1-1: Foul Ball, location: 2F 1-2: Fly out, F9 (Line Drive, 9M)
|
Batting: RHB Jorge Jiménez
|
0-0: Called Strike 0-1: Swinging Strike 0-2: DOUBLE (Flyball, 89D)
|
Pitching: RHP Fernando Llama
|
|
Batting: RHB António Zúñiga
|
0-0: Called Strike 0-1: Foul Ball, location: 2F 0-2: SINGLE (Line Drive, 56D) Jorge Jiménez to third Runner from 3rd tries for Home, SAFE, no throw or cutoff
|
Batting: RHB Luis Sánchez
|
0-0: Ball 1-0: Ball 2-0: Ball 3-0: Foul Ball, location: 2F 3-1: Foul Ball, location: 2F 3-2: Foul Ball, location: 2F 3-2: Foul Ball, location: 2F 3-2: Base on Balls António Zúñiga to second
|
Batting: RHB Andrés Lara
|
0-0: Ball 1-0: Called Strike 1-1: Ball 2-1: Ball 3-1: Base on Balls António Zúñiga to third Luis Sánchez to second
|
Batting: RHB Tadakuni Sugiyama
|
0-0: Ball 1-0: Called Strike 1-1: Called Strike 1-2: Foul Ball, location: 2F 1-2: Strikes out swinging
|
Bottom of the 7th over - 1 run(s), 2 hit(s), 0 error(s), 3 left on base; San Francisco 1 - Plymouth 9 |
TOP OF THE 8TH |
San Francisco Bandits batting - Pitching for Plymouth Rocks : RHP José López
|
Pitching: RHP Soichiro Ikeda
|
|
Batting: RHB Pete Rideout
|
0-0: Ball 1-0: Foul Ball, location: 2F 1-1: SINGLE (Groundball, 56D)
|
Batting: RHB Javier Ramírez
|
0-0: SINGLE (Groundball, 56D) Pete Rideout to second
|
Batting: LHB Jerry Bryan
|
0-0: Foul Ball, location: 2F 0-1: Swinging Strike 0-2: Strikes out looking
|
Batting: RHB Dale Taylor
|
0-0: Ball 1-0: Ball 2-0: Fly out, F7 (Flyball, 7D)
|
Batting: RHB Bob Orr
|
0-0: Ball 1-0: Foul Ball, location: 2F 1-1: Foul Ball, location: 2F 1-2: Foul Ball, location: 2F 1-2: Strikes out swinging
|
Top of the 8th over - 0 run(s), 2 hit(s), 0 error(s), 2 left on base; San Francisco 1 - Plymouth 9 |
BOTTOM OF THE 8TH |
Plymouth Rocks batting - Pitching for San Francisco Bandits : RHP Fernando Llama
|
Batting: RHB Júlio Negrón
|
0-0: Swinging Strike 0-1: Swinging Strike 0-2: Foul Ball, location: 2F 0-2: Ball 1-2: Strikes out looking
|
Batting: LHB Barrett Waters
|
0-0: Ball 1-0: Ball 2-0: Called Strike 2-1: Ground out 4-3 (Groundball, 4M)
|
Batting: RHB Víctor Chávez
|
0-0: Called Strike 0-1: Ball 1-1: Foul Ball, location: 2F 1-2: DOUBLE (Popup, 6D)
|
Batting: SHB Greg Welch
|
0-0: Ball 1-0: SINGLE (Line Drive, 89S) Víctor Chávez to third Runner from 3rd tries for Home, SAFE, no throw or cutoff
|
Batting: RHB Jorge Jiménez
|
0-0: Ball 1-0: Ball 2-0: Swinging Strike 2-1: Fly out, F8 (Flyball, 8LXD)
|
Bottom of the 8th over - 1 run(s), 2 hit(s), 0 error(s), 1 left on base; San Francisco 1 - Plymouth 10 |
TOP OF THE 9TH |
San Francisco Bandits batting - Pitching for Plymouth Rocks : RHP Soichiro Ikeda
|
Batting: RHB Emílio Bruno
|
0-0: Called Strike 0-1: Foul Ball, location: 2F 0-2: Strikes out swinging
|
Batting: RHB Glenn Melican
|
0-0: SINGLE (Groundball, 56D)
|
Batting: RHB David Crespo
|
0-0: Swinging Strike 0-1: Foul Ball, location: 2F 0-2: Foul Ball, location: 2F 0-2: Ball 1-2: Strikes out swinging
|
Batting: RHB Sadao Kato
|
0-0: Swinging Strike 0-1: Called Strike 0-2: Ball 1-2: Ball 2-2: Ball 3-2: Strikes out swinging
|
Top of the 9th over - 0 run(s), 1 hit(s), 0 error(s), 1 left on base; San Francisco 1 - Plymouth 10 |
|